 Dungeon Crawl Stone Soup version 0.31-a0-986-g5e6e4ef867 (webtiles) character file.

Game seed: 12275779143253943476

2040340 Lobster4 the Shapeless Merfolk (level 27, 238/238 HPs)
             Began as a Merfolk Shapeshifter on Nov 18, 2023.
             Was a Follower of Uskayaw.
             Escaped with the Orb
             ... and 4 runes on Nov 19, 2023!
             The game lasted 06:04:49 (90593 turns).

Lobster4 the Shapeless Merfolk (MfSh)              Turns: 90593, Time: 06:04:50

Health: 238/238    AC: 19    Str: 21    XL:     27
Magic:  35/35      EV: 46    Int: 16    God:    Uskayaw [*.....]
Gold:   7290       SH:  5    Dex: 10    Spells: 26/50 levels left

rFire   + . .        a - melded +5 spear of Blood-Lust {heavy, rElec rC+ Int-5}
rCold   + . .        B - melded +2 buckler
rNeg    + . .        b - melded +1 ring mail {rF+}
rPois   ∞            r - melded +1 helmet {Int+3}
rElec   +            D - melded +0 cloak {rC+}
rCorr   +            K - melded +2 pair of gloves {Dex+3}
SInv    +            k - melded +2 pair of slick slippers {slick, slippery, EV+4}
Will    ++++.        v - amulet of reflection
Stlth   +            Q - ring of Quemitt {+Blink rC+ rN+ Will+ rCorr Dex-4}
HPRegen 0.59/turn    L - ring "Tidyq" {rF+ AC+4 Int+2 SInv Stlth+}
MPRegen 0.24/turn

%: reflection
@: storm-form, flying, studying 5 skills
A: cleaving, insubstantial, flying, (nimble swimmer 2), (mertail), (iridescent
scales 1), clumsy 1, (deformed body), deterioration 1, low MP 1, strong-willed
1, wild magic 1, inability to read after injury 1
0: Orb of Zot
}: 4/15 runes: decaying, serpentine, slimy, silver
a: Blinkbolt, Begin Untransformation, Renounce Religion, Evoke Blink, Stomp


You escaped.
You worshipped Uskayaw.
Uskayaw was aware of your devotion.
You were a lightning-filled tempest!
You visited 14 branches of the dungeon, and saw 58 of its levels.
You also visited: Trove, Sewer, Ice Cave and Wizlab.

You collected 10506 gold pieces.
You spent 3216 gold pieces at shops.

Inventory:

Hand Weapons
 a - the +5 spear of Blood-Lust (melded) {heavy, rElec rC+ Int-5}
   (You found it on level 13 of the Dungeon)

   Int-5:     It affects your intelligence (-5).
   rC+:       It protects you from cold.
   rElec:     It insulates you from electricity.
Armour
 b - a +1 ring mail of fire resistance (melded)
 k - the +2 pair of slick slippers (melded) {slick, slippery, EV+4}
   (You found it in an ice cave)

   Slick:     Its wearer cannot be constricted, engulfed, netted or webbed.
   Slippery:  Its wearer slips away from damaging melee attacks, pulling the
   attacker onward.
   EV+4:      It affects your evasion (+4).
 r - a +1 helmet of intelligence (melded)
 B - a +2 buckler (melded)
 D - a +0 cloak of cold resistance (melded)
 K - a +2 pair of gloves of dexterity (melded)
 P - a +2 kite shield of reflection
Jewellery
 o - the ring of Qianips {Fly rC+ rCorr Str+3}
   (You found it on level 2 of the Crypt)

   [ring of flight]

   Str+3:     It affects your strength (+3).
   rC+:       It protects you from cold.
   Fly:       It grants you flight.
   rCorr:     It protects you from acid and corrosion.
 u - the ring of Gluttony {rN+ AC+4 Int+4}
   (You found it on level 2 of the Vaults)

   [ring of protection]

   AC+4:      It affects your AC (+4).
   Int+4:     It affects your intelligence (+4).
   rN+:       It protects you from negative energy.
 v - an amulet of reflection (around neck)
 L - the ring "Tidyq" (right fist) {rF+ AC+4 Int+2 SInv Stlth+}
   (You found it on level 3 of the Elven Halls)

   [ring of protection]

   AC+4:      It affects your AC (+4).
   Int+2:     It affects your intelligence (+2).
   rF+:       It protects you from fire.
   SInv:      It lets you see invisible.
   Stlth+:    It makes you more stealthy.
 Q - the ring of Quemitt (left fist) {+Blink rC+ rN+ Will+ rCorr Dex-4}
   (You bought it in a shop on level 2 of the Orcish Mines)

   [ring of willpower]

   Dex-4:     It affects your dexterity (-4).
   rC+:       It protects you from cold.
   rN+:       It protects you from negative energy.
   Will+:     It increases your willpower.
   +Blink:    It lets you blink.
   rCorr:     It protects you from acid and corrosion.
 W - the ring of the Painted God {rF+ rC+ rCorr}
   (You found it on level 5 of the Pits of Slime)

   [ring of protection from fire]

   rF+:       It protects you from fire.
   rC+:       It protects you from cold.
   rCorr:     It protects you from acid and corrosion.
Talismans
 c - a flux talisman
 d - a maw talisman
 e - a blade talisman
 f - a serpent talisman
 g - a dragon-blood talisman
 h - a storm talisman (active)
 i - a talisman of death
Wands
 j - a wand of mindburst (47)
 M - a wand of quicksilver (33) (quivered)
 R - a wand of iceblast (35)
 T - a wand of digging (10)
Scrolls
 n - 17 scrolls of teleportation
 t - 3 scrolls of poison
 w - 5 scrolls of butterflies
 x - a scroll of revelation
 y - 10 scrolls of fog
 z - 16 scrolls of immolation
 A - 6 scrolls of silence
 G - 8 scrolls of fear
 U - a scroll of blinking
Potions
 m - 6 potions of lignification
 p - 5 potions of invisibility
 q - 8 potions of cancellation
 C - 14 potions of heal wounds
 E - 10 potions of magic
 H - 12 potions of haste
 I - 4 potions of resistance
 J - 29 potions of curing
 O - a potion of might
 S - 8 potions of mutation
 V - 2 potions of berserk rage
 X - 10 potions of enlightenment
 Y - 7 potions of brilliance
 Z - 4 potions of ambrosia
Miscellaneous
 s - a lightning rod (4/4)
 F - a phantom mirror
 N - a sack of spiders


   Skills:
 + Level 24.1 Fighting
 - Level 10.0 Polearms
 - Level 10.0 Armour
 - Level 20.0 Dodging
 - Level 3.0 Stealth
 - Level 12.0 Shields
 + Level 26.2 Unarmed Combat
 - Level 12.0 Spellcasting
 - Level 3.0 Conjurations
 - Level 12.0 Translocations
 - Level 12.0 Transmutations
 - Level 10.0 Ice Magic
 - Level 10.0 Earth Magic
 - Level 10.0 Invocations
 - Level 10.0 Evocations
 O Level 27 Shapeshifting


You had 26 spell levels left.
You knew the following spells:

 Your Spells              Type           Power      Damage    Failure   Level
a - Frozen Ramparts       Ice            100%       1d16      1%          3
b - Lesser Beckoning      Tloc           100%       N/A       1%          2
c - Stone Arrow           Conj/Erth      78%        3d11      3%          3
d - Wereblood             Tmut           58%        N/A       1%          2
e - Manifold Assault      Tloc           58%        N/A       1%          4
f - Momentum Strike       Conj/Tloc      86%        3d10      1%          2
g - Passwall              Tmut/Erth      45%        N/A       1%          2
h - Passage of Golubria   Tloc           58%        N/A       1%          4
z - Blink                 Tloc           100%       N/A       1%          2

Your spell library contained the following spells:

 Spells                   Type           Power      Damage    Failure   Level
 Apportation              Tloc           100%       N/A       1%          1
 Sting                    Tmut/Pois      100%       1d8       1%          1
 Ozocubu's Armour         Ice            52%        N/A       1%          3
 Petrify                  Tmut/Erth      55%        N/A       1%          4
 Ensorcelled Hibernation  Hex/Ice        66%        N/A       2%          2
 Volatile Blastmotes      Fire/Tloc      74%        2d16      3%          3
 Magic Dart               Conj           96%        1d7       4%          1
 Searing Ray              Conj           48%        2d6       5%          2
 Iskenderun's Mystic Bla  Conj/Tloc      43%        2d10      5%          4
 Lee's Rapid Deconstruct  Erth           26%        3d14*     5%          5
 Kiss of Death            Conj/Necr      72%        2d10      7%          1
 Shock                    Conj/Air       72%        1d7       7%          1
 Ignite Poison            Fire/Tmut/Pois 29%        N/A       7%          3
 Static Discharge         Conj/Air       36%        3-5/arc   10%         2
 Vhi's Electric Charge    Tloc/Air       74%        N/A       10%         4
 Necrotise                Necr           48%        1d6       12%         1
 Slow                     Hex            48%        N/A       12%         1
 Summon Small Mammal      Summ           48%        N/A       12%         1
 Dispersal                Tloc           29%        N/A       13%         6
 Animate Armour           Summ/Erth      66%        N/A       14%         4
 Leda's Liquefaction      Hex/Erth       16%        N/A       14%         4
 Summon Ice Beast         Ice/Summ       33%        N/A       14%         4
 Irradiate                Conj/Tmut      21%        3d18      14%         5
 Cigotuvi's Dreadful Rot  Necr/Pois/Air  24%        N/A       16%         2
 Jinxbite                 Hex            24%        N/A       16%         2
 Poisonous Vapours        Pois/Air       24%        N/A       16%         2
 Dazzling Flash           Conj/Hex       36%        N/A       17%         3
 Alistair's Intoxication  Tmut/Pois      24%        N/A       24%         5
 Summon Forest            Summ/Tloc      18%        N/A       24%         5
 Yara's Violent Unravell  Hex/Tmut       18%        3d9       24%         5
 Call Canine Familiar     Summ           12%        N/A       30%         3
 Confusing Touch          Hex            12%        N/A       30%         3
 Inner Flame              Hex/Fire       12%        N/A       30%         3
 Sigil of Binding         Hex            12%        N/A       30%         3
 Summon Guardian Golem    Hex/Summ       12%        N/A       30%         3
 Swiftness                Air            12%        N/A       30%         3
 Tukima's Dance           Hex            12%        N/A       30%         3
 Vampiric Draining        Necr           12%        2d6       30%         3
 Metabolic Englaciation   Hex/Ice        16%        N/A       34%         5
 Flame Wave               Conj/Fire      18%        2d7       45%         4
 Fulminant Prism          Conj/Hex       9%         3d7       45%         4
 Sticky Flame             Conj/Fire      18%        2d4       45%         4
 Iskenderun's Battlesphe  Conj           24%        2d8       61%         5
 Airstrike                Air            6%         2d(1-17)  67%         4
 Anguish                  Hex/Necr       6%         N/A       67%         4
 Cause Fear               Hex            6%         N/A       67%         4
 Dispel Undead            Necr           12%        3d9       67%         4
 Olgreb's Toxic Radiance  Pois           12%        N/A       67%         4
 Summon Lightning Spire   Summ/Air       12%        N/A       67%         4
 Bombard                  Conj/Erth      19%        9d4       69%         6
 Eringya's Noxious Bog    Tmut/Pois      18%        4d6       75%         6
 Ozocubu's Refrigeration  Ice            26%        4d13      78%         7
 Arcjolt                  Conj/Air       9%         1d19      80%         5
 Fireball                 Conj/Fire      9%         3d6       80%         5
 Simulacrum               Ice/Necr       16%        N/A       87%         6
 Agony                    Necr           12%        N/A       94%         5
 Silence                  Hex/Air        6%         N/A       94%         5
 Summon Mana Viper        Hex/Summ       12%        N/A       94%         5
 Disjunction              Tloc           29%        N/A       99%         8
 Death Channel            Necr           6%         N/A       100%        6
 Plasma Beam              Fire/Air       6%         2x1d16    100%        6
 Starburst                Conj/Fire      9%         6d5       100%        6
 Enfeeble                 Hex            6%         N/A       100%        7
 Haunt                    Necr/Summ      6%         N/A       100%        7
 Monstrous Menagerie      Summ           6%         N/A       100%        7
 Orb of Destruction       Conj           12%        9d7       100%        7
 Spellforged Servitor     Conj/Summ      9%         N/A       100%        7
 Summon Hydra             Summ           6%         N/A       100%        7
 Borgnjor's Revivificati  Necr           6%         N/A       100%        8
 Ignition                 Fire           6%         3d4       100%        8
 Lehudib's Crystal Spear  Conj/Erth      19%        10d6      100%        8
 Maxwell's Capacitive Co  Air            6%         ∞         100%        8
 Chain Lightning          Conj/Air       9%         3d12      100%        9
 Death's Door             Necr           6%         N/A       100%        9
 Dragon's Call            Summ           6%         N/A       100%        9
 Fire Storm               Conj/Fire      9%         8d2       100%        9
 Polar Vortex             Ice            26%        12d3*     100%        9
 Shatter                  Erth           26%        3d22*     100%        9


Dungeon Overview and Level Annotations

Branches:
Dungeon (15/15)            Temple (1/1) D:6            Lair (5/5) D:10
  Swamp (4/4) Lair:2        Snake (4/4) Lair:3        Slime (5/5) Lair:5
    Orc (2/2) D:10            Elf (3/3) Orc:2        Vaults (5/5) D:14
  Crypt (3/3) Vaults:2       Tomb (1/3) Crypt:3      Depths (4/4) D:15
   Hell (visited)             Zot (5/5) Depths:4      Sewer (visited)
  IceCv (visited)          WizLab (visited)
    Dis: Hell:1         Geh: Hell:1         Coc: Hell:1         Tar: Hell:1

Altars:
Ashenzari
Cheibriados
Dithmenos
Elyvilon
Fedhas
Gozag
Hepliaklqana
Kikubaaqudgha
Makhleb
Nemelex Xobeh
Okawaru
Qazlal
Ru
Sif Muna
Trog
Uskayaw
Vehumet
Wu Jian
Xom
Yredelemnul
Zin
The Shining One
Jiyva
Lugonu

Shops:
D:6 :   D:8 *   Orc:2 =!*(   Elf:1 !   Elf:3 !:(   Snake:2 =:=   Vaults:3 *
Depths:1 !

Portals:
Hell: Depths:1 Depths:2 Depths:3 Depths:4
Abyss: Snake:2 Depths:2 Depths:3
Pandemonium: Depths:2 Depths:3
Ziggurat: Depths:2

Annotations:
Depths:4 1 runed translucent door


Innate Abilities, Weirdness & Mutations

You are a lightning-filled tempest!
Your electrical attacks strike out in all directions at once.
You are incredibly evasive.
Your insubstantial body is immune to petrification, constriction, and being set on fire You are flying.
Your armour is entirely melded.
You are incapable of wielding weapons or throwing items.
You are immune to poison.
((You are very nimble when in or above water. (Stealth+, EV+, Speed+++)))
((Your lower body shifts to a powerful aquatic tail in water.))
((You are partially covered in iridescent scales. (AC +2)))
You are clumsy. (Dex -2)
((Armour fits poorly on your strangely shaped body.))
Your body sometimes deteriorates upon taking damage.
Your magical capacity is low. (-10% MP)
You are strong-willed. (Will+)
Your spells are a little harder to cast, but a little more powerful.
You occasionally lose the ability to read scrolls when taking damage.


Message History

You resist with almost no effort.
You blast the golden eye!!!
Lightning courses through the golden eye!!
You kill the golden eye!
You closely miss the golden eye. The golden eye blinks at you.
You resist with almost no effort. The golden eye blinks at you.
You resist with almost no effort.
You blast the golden eye!!!
You kill the golden eye!
You blast the golden eye!!!
Lightning courses through the golden eye!
You kill the golden eye!
Uskayaw will force your foes to helplessly watch your dance.
Uskayaw prepares the audience for your solo!
The helpless golden eye fails to defend itself.
You blast the golden eye!!!!
You kill the golden eye!
Uskayaw will force your foes to share their pain.
You bellow as the wereblood boils in your veins!
You bellow as the wereblood boils in your veins!
You bellow as the wereblood boils in your veins!
You bellow as the wereblood boils in your veins!
A smoke demon comes into view.
You blast the smoke demon!!!!
Lightning courses through the smoke demon!
You kill the smoke demon!
You bellow as the wereblood boils in your veins!
Your primal bloodlust is almost over.
You bellow as the wereblood boils in your veins!
You bellow as the wereblood boils in your veins!
Your primal bloodlust has ended.
Aiming: Dig
Press: ? - help, Shift-Dir - straight line A rock wall.
This square is covered in magical glow.
The rock shatters into small pieces.
There is a staircase leading out of the dungeon here.
You have escaped!

###...## ##.....# ####
####.## ##.#....# ##.#
#.##....####### #.##
##.#.....#.....#
#..###..#....##.....#
##..#..##.#####.....#
#..#..#.............
####...##..#####......
#....v...........###..
####...##....##### #..
#..#..#..#.# ##..
##..#..##.#.# #...
#..###..#...# #...
#.## ##.#..## #...
##.# #.##.# #..#
###.## ##.#.# #..#
###..## ##..# #...


There were no monsters in sight!

Vanquished Creatures
  the Royal Jelly (Slime:5)
  8 dread liches
  9 ancient liches
  5 orbs of fire
  4 royal mummies
  Josephina (Crypt:2)
  Vv (Zot:2)
  The ghost of Foapeaxo the Slayer, a veteran HOMo of Beogh (Crypt:2)
  5 Killer Klowns
  Vashnia (Snake:1)
  6 curse toes
  A caustic shrike (Depths:2)
  6 golden dragons
  Geryon (Hell)
  Norris (Depths:2)
  3 electric golems
  2 bone dragons (Depths:4)
  The ghost of Yhagabbo the Devastator, an adept DrCj of Sif Muna (Vaults:1)
  Zenata (Elf:2)
  18 tentacled monstrosities
  A walking crystal tome (Depths:3)
  27 Orb Guardians
  4 quicksilver dragons
  A shard shrike skeleton (Crypt:1)
  7 liches
  8 titans
  4 deep elf blademasters
  15 acid blobs
  A walking frostbound tome (Depths:3)
  5 deep elf master archers
  5 death cobs
  20 sphinxes
  An Executioner (Depths:1)
  6 thorn hunters
  12 shadow dragons
  3 tengu reavers
  12 azure jellies
  3 ancient champions
  9 storm dragons
  8 draconian monks
  5 draconian knights
  2 revenants
  6 nagarajas
  10 rockslimes
  9 frost giants
  The ghost of gdog the Covert, an adept GnDe of Hepliaklqana (Snake:2)
  3 iron dragons (Depths:3)
  11 fire giants
  A ghost moth (Zot:4)
  12 deep elf sorcerers
  5 fenstrider witches
  5 deep elf elementalists
  13 vault wardens
  2 orc warlords
  4 draconian scorchers
  Louise (Elf:2)
  4 spriggan defenders (Depths:3)
  2 curse skulls (Crypt:1)
  9 draconian shifters
  4 draconian stormcallers
  14 quicksilver oozes
  2 war gargoyles (Vaults:5)
  4 reapers
  A demonspawn corrupter (Zot:5)
  5 ironbound preservers
  5 draconian annihilators
  23 very ugly things
  8 formless jellyfish
  5 ghouls
  3 demonspawn blood saints
  A rockslime zombie (Crypt:3)
  3 ironbound thunderhulks
  24 stone giants
  20 green draconians
  6 black draconians
  10 red draconians
  3 eleionomae
  14 spark wasps
  5 deep elf demonologists
  Nessos (Lair:3)
  2 bennus (Tomb:1)
  10 vampire knights
  7 deep elf annihilators
  8 white draconians
  2 bunyips
  10 purple draconians
  The ghost of zenocrate the Thaumaturge, a journeyman DjIE of Cheibriados (Lair:3)
  10 dire elephants
  9 yellow draconians
  9 eidola
  12 mummy priests
  A crystal guardian (Vaults:1)
  9 ettins
  9 deep elf death magi
  2 blizzard demons
  Snorg (Lair:5)
  A green death (D:14)
  6 fire dragons
  A spriggan zombie (Crypt:1)
  6 jiangshi
  12 yaktaur captains
  11 deep elf high priests
  2 salamander tyrants (Snake:2)
  11 ice dragons
  4 shambling mangroves
  32 vault guards
  A spriggan air mage (Depths:3)
  10 great orbs of eyes
  20 hydras
  2 rakshasas
  A ghost crab (Swamp:3)
  A peacekeeper (Vaults:1)
  A hydra (shapeshifter) (Vaults:5)
  4 ogre magi
  10 alligators
  10 ironbound frosthearts
  3 death knights
  A satyr (WizLab)
  A two-headed ogre (shapeshifter) (Vaults:4)
  A fenstrider witch skeleton (Crypt:1)
  34 dancing weapons
  18 centaur warriors
  11 anacondas
  A catoblepas (D:13)
  9 two-headed ogres
  5 boulder beetles
  8 deep troll earth magi
  19 naga warriors
  11 deep troll shamans
  20 death scarabs (Tomb:1)
  6 tengu warriors
  11 death yaks
  13 vampire magi
  8 orc high priests
  5 shock serpents
  A shock serpent (shapeshifter) (Vaults:5)
  10 spriggan berserkers
  A quicksilver ooze zombie (Crypt:3)
  16 naga sharpshooters
  16 hell knights
  An occultist (Depths:2)
  4 skysharks (Depths:2)
  A sun demon (Depths:2)
  An emperor scorpion zombie (Crypt:2)
  2 soul eaters
  23 deep elf knights
  3 shadow wraiths
  Amaemon (Lair:3)
  7 salamander mystics
  2 goliath frogs
  12 iron trolls
  14 skeletal warriors
  A bunyip zombie (Tomb:1)
  A death drake (shapeshifter) (Depths:1)
  33 deep trolls
  A shadow demon (Zot:5)
  A storm dragon skeleton (Tomb:1)
  3 spriggan druids
  3 glowing orange brains
  6 flayed ghosts
  7 naga ritualists
  2 bog bodies (Swamp:1)
  16 phantasmal warriors
  A golden dragon skeleton (Depths:3)
  An obsidian statue (Swamp:2)
  An orange crystal statue (Depths:1)
  2 spriggan simulacra
  15 swamp dragons
  16 lindwurms
  A shadow dragon zombie (Crypt:3)
  10 orc knights
  12 ironbound convokers
  16 necromancers
  A steelbarb worm (shapeshifter) (Depths:2)
  17 deep elf archers
  A stone giant zombie (Vaults:1)
  7 arcanists
  32 ugly things
  27 deep elf zephyrmancers
  A will-o-the-wisp (Swamp:2)
  41 deep elf pyromancers
  4 fauns (WizLab)
  7 orc sorcerers
  An oklob plant (WizLab)
  6 mana vipers
  24 salamanders
  6 cyclopes
  19 moths of wrath
  3 manticores
  An iron dragon skeleton (Crypt:1)
  6 shining eyes
  A faun (shapeshifter) (Vaults:5)
  5 human skeletons
  5 elephants (Lair:4)
  A fire giant skeleton (Vaults:3)
  20 vault sentinels
  A dire elephant zombie (Crypt:1)
  2 ice statues (IceCv)
  Joseph (D:8)
  A titan simulacrum (Crypt:1)
  6 guardian serpents
  25 black mambas
  2 cane toads (shapeshifter)
  15 naga magi
  2 large abominations (Depths:1)
  A smoke demon (D:1)
  12 cane toads
  3 eyes of devastation
  6 torpor snails
  Psyche (D:11)
  A catoblepas zombie (Crypt:3)
  A hellion (D:7)
  A death yak zombie (Crypt:2)
  An orange demon (Lair:3)
  8 rime drakes
  A kobold demonologist (D:12)
  28 yaktaurs
  17 komodo dragons
  Jeremiah (D:7)
  6 tengu conjurers
  5 freezing wraiths
  A yaktaur (shapeshifter) (D:15)
  An efreet (D:13)
  45 guardian mummies
  A red draconian skeleton (Crypt:1)
  A red devil (Zot:5)
  An unseen horror skeleton (Crypt:3)
  A harpy zombie (Tomb:1)
  3 meliai (D:15)
  A queen bee (shapeshifter) (Depths:3)
  11 trolls
  25 hornets
  2 bloated husks (Swamp:2)
  A harpy skeleton (Crypt:1)
  A queen bee (Lair:2)
  Grinder (D:3)
  9 tyrant leeches
  12 polar bears
  3 raiju (Lair:5)
  A shadow dragon simulacrum (Crypt:2)
  4 glass eyes
  A culicivora zombie (Crypt:2)
  A dream sheep (shapeshifter) (Vaults:5)
  19 blink frogs
  111 slime creatures
  A fire giant simulacrum (Depths:3)
  11 dream sheep (Lair:4)
  2 ettin zombies
  55 flying skulls
  2 air elementals
  2 centaur simulacra
  An ice dragon skeleton (Crypt:2)
  2 shadows
  12 wyverns
  6 wraiths
  A vampire (D:10)
  3 water elementals
  41 yaks
  12 spriggans
  A ynoxinul (D:15)
  Grum (Lair:1)
  4 basilisks
  A fire elemental (Elf:2)
  7 golden eyes
  11 ushabtiu
  A neqoxec (Zot:5)
  A redback (shapeshifter) (Depths:3)
  21 vampire mosquitoes
  A harpy simulacrum (Crypt:2)
  7 wargs
  2 steam dragons
  59 nagas
  2 glowing shapeshifter zombies (Depths:3)
  20 swamp worms
  An acid dragon (D:9)
  16 water moccasins
  14 hell hounds (Lair:5)
  A glowing shapeshifter skeleton (Crypt:2)
  16 black bears
  A swamp dragon zombie (Crypt:1)
  A dream sheep zombie (Crypt:3)
  17 ogres
  68 orc warriors
  8 swamp drakes
  6 human zombies
  A cane toad skeleton (Crypt:3)
  33 wolves
  5 centaurs
  A hog zombie (Crypt:1)
  A torpor snail zombie (Crypt:3)
  A hog skeleton (Crypt:2)
  2 kobold brigands (Sewer)
  2 salamander zombies
  A wyvern zombie (Crypt:2)
  A naga simulacrum (Crypt:2)
  3 necrophages (Crypt:3)
  11 bullfrogs
  6 earth elementals
  4 scorpions
  4 wights
  44 killer bees
  A warg skeleton (Crypt:1)
  A shapeshifter skeleton (Crypt:2)
  A lindwurm simulacrum (IceCv)
  4 howler monkeys
  6 electric eels
  3 lava snakes (Lair:1)
  8 komodo dragon simulacra (IceCv)
  A basilisk zombie (Crypt:1)
  4 hounds
  42 orc priests
  5 jellies
  Terence (D:2)
  5 iguanas
  33 orc wizards
  4 yak simulacra (Lair:2)
  A polar bear simulacrum (Lair:2)
  2 wolf simulacra (Lair:2)
  An acid dragon zombie (Crypt:1)
  A deep dwarf skeleton (Crypt:1)
  24 mummies
  Robin (D:2)
  5 acid dragon simulacra (IceCv)
  10 adders
  5 river rats
  2 shadow imps
  2 white imps (D:5)
  2 steam dragon simulacra (IceCv)
  4 worms
  2 dart slugs
  156 orcs
  18 ball pythons
  A bat zombie (Crypt:2)
  11 endoplasms
  6 giant cockroaches
  15 goblins
  7 hobgoblins
  9 jackals
  13 kobolds
  8 quokkas
  14 bats
  4 frilled lizards
  A gnoll skeleton (Crypt:2)
  A quokka skeleton (Crypt:3)
  A quokka zombie (Crypt:1)
  4 rats
  4 river rat simulacra (Lair:2)
2845 creatures vanquished.

Vanquished Creatures (collateral kills)
  A komodo dragon simulacrum (IceCv)
  2 acid dragon simulacra (IceCv)
  2 steam dragon simulacra (IceCv)
5 creatures vanquished.

Vanquished Creatures (others)
  A fire dragon (Depths:3)
  A soul eater (Crypt:2)
  A spriggan simulacrum (Crypt:2)
  A deep elf zephyrmancer (Elf:1)
  A deep elf pyromancer (Elf:1)
  An ice devil (D:4)
  2 bloated husks (Swamp:1)
  2 hornets
  An orc wizard (Orc:1)
  An orc (D:10)
  A kobold (Sewer)
  2 foxfires (Swamp:2)
  A lurking horror (Snake:2)
16 creatures vanquished.

Grand Total: 2866 creatures vanquished

Notes
Turn   | Place    | Note
-------+----------+-------------------------------------------
     0 | D:1      | Lobster4 the Merfolk Shapeshifter began the quest for the
                  | Orb.
     0 | D:1      | Reached XP level 1. HP: 15/15 MP: 1/1
   171 | D:1      | Reached XP level 2. HP: 20/21 MP: 2/2
   383 | D:1      | Reached XP level 3. HP: 26/26 MP: 3/3
   808 | D:1      | Found a faded altar of an unknown god.
  1230 | D:2      | Reached XP level 4. HP: 31/33 MP: 4/4
  1387 | D:2      | Noticed Robin
  1434 | D:2      | Reached skill level 5 in Shapeshifting
  1573 | D:2      | Noticed Terence
  1672 | D:2      | Killed Robin
  1673 | D:2      | Reached skill level 1 in Stealth
  2333 | D:3      | Reached XP level 5. HP: 33/38 MP: 5/5
  2397 | D:3      | Noticed Grinder
  2420 | D:3      | Paralysed by Grinder for 3 turns
  2427 | D:3      | Killed Grinder
  2428 | D:3      | Reached skill level 1 in Armour
  2428 | D:3      | Reached skill level 6 in Shapeshifting
  2428 | D:3      | Reached XP level 6. HP: 44/44 MP: 6/6
  2536 | D:3      | Reached skill level 7 in Shapeshifting
  2606 | D:3      | Identified the ring "Zenip" {rC+ Str+3}
  3584 | D:4      | Reached XP level 7. HP: 18/51 MP: 7/7
  4328 | D:5      | Entered Level 5 of the Dungeon
  4343 | D:5      | Found a glowing drain.
  4356 | Sewer    | Entered a sewer
  4419 | Sewer    | Reached skill level 8 in Shapeshifting
  4495 | Sewer    | Reached skill level 5 in Dodging
  4659 | Sewer    | Reached skill level 1 in Evocations
  4659 | Sewer    | Reached XP level 8. HP: 58/58 MP: 8/8
  4876 | Sewer    | Reached skill level 5 in Unarmed Combat
  5524 | D:5      | Reached skill level 9 in Shapeshifting
  6420 | D:6      | Found Cuad's Tremendous Tomes.
  6539 | D:6      | Found a snail-covered altar of Cheibriados.
  6692 | D:6      | Found a staircase to the Ecumenical Temple.
  6699 | Temple   | Entered the Ecumenical Temple
  6707 | Temple   | Became a worshipper of Uskayaw the Reveller
  6816 | D:6      | Reached * piety under Uskayaw
  6888 | D:6      | Found a sacrificial altar of Ru.
  6898 | D:6      | Reached ** piety under Uskayaw
  6899 | D:6      | Reached XP level 9. HP: 58/65 MP: 9/9
  6907 | D:6      | Reached *** piety under Uskayaw
  6909 | D:6      | Reached skill level 1 in Invocations
  6914 | D:6      | Reached **** piety under Uskayaw
  7241 | D:6      | Learned a level 2 spell: Blink
  7303 | D:7      | Found a broken altar of Ashenzari.
  7324 | D:7      | Reached skill level 10 in Shapeshifting
  7408 | D:7      | Reached ***** piety under Uskayaw
  7411 | D:7      | Identified the +7 sling "Sibuus" {freeze, rN+ Will+ Dex+3}
  7497 | D:7      | Reached skill level 1 in Spellcasting
  7518 | D:7      | Reached skill level 1 in Translocations
  7955 | D:7      | Noticed Jeremiah
  7958 | D:7      | Killed Jeremiah
  7959 | D:7      | Reached skill level 5 in Fighting
  7988 | D:7      | Found a broken altar of Ashenzari.
  8172 | D:7      | Reached skill level 11 in Shapeshifting
  8344 | D:7      | HP: 5/102 [poisoned by an orc wizard]
  8345 | D:7      | Gained mutation: You passively dampen the noise of your
                  | surroundings. [potion of mutation]
  8345 | D:7      | Gained mutation: Your spells are a little harder to cast,
                  | but a little more powerful. [potion of mutation]
  8347 | D:7      | Reached skill level 14 in Shapeshifting
  8347 | D:7      | Reached XP level 10. HP: 4/80 MP: 13/13
  8896 | D:8      | Noticed a two-headed ogre
  8908 | D:8      | Killed a two-headed ogre
  8909 | D:8      | Reached XP level 11. HP: 51/86 MP: 14/14
  9039 | D:8      | Noticed Joseph
  9052 | D:8      | Killed Joseph
  9721 | D:8      | Found Adwe's Assorted Antiques.
  9724 | D:8      | Bought a diamond ring for 105 gold pieces
 10682 | D:9      | Found a hazy altar of Hepliaklqana.
 10682 | D:9      | Found a glowing silver altar of Zin.
 11130 | D:9      | Found a shadowy altar of Dithmenos.
 11765 | D:10     | Entered Level 10 of the Dungeon
 12114 | D:10     | Found a staircase to the Lair.
 12355 | D:10     | Identified the +0 buckler of Vermicelli {-Tele rN+ Str+4}
 12459 | D:10     | Found a portal to a secret trove of treasure.
 12584 | D:10     | Reached XP level 12. HP: 84/89 MP: 16/16
 12725 | D:10     | Found a staircase to the Orcish Mines.
 12965 | D:11     | Reached skill level 15 in Shapeshifting
 13242 | D:11     | Noticed a boulder beetle
 13263 | D:11     | Killed a boulder beetle
 13434 | D:11     | Noticed Psyche
 13443 | D:11     | Killed Psyche
 13555 | D:11     | Noticed a boulder beetle
 13570 | D:11     | Killed a boulder beetle
 13887 | Lair:1   | Entered Level 1 of the Lair of Beasts
 14850 | Lair:1   | Noticed Grum
 14863 | Lair:1   | Killed Grum
 15565 | Lair:2   | Reached skill level 5 in Armour
 15952 | Lair:2   | Reached XP level 13. HP: 92/103 MP: 19/19
 16201 | Lair:2   | Reached skill level 10 in Fighting
 16466 | Lair:2   | Reached skill level 10 in Unarmed Combat
 16554 | Lair:2   | Identified a scroll of acquirement
 16555 | Lair:2   | Identified the "Iloaj" (You acquired it on level 2 of the
                  | Lair of Beasts)
 16555 | Lair:2   | Acquired the +1 pair of boots of Subjectivity {Int+5}
 17552 | Lair:2   | Reached skill level 5 in Invocations
 17552 | Lair:2   | Reached skill level 16 in Shapeshifting
 17572 | Lair:2   | Found a staircase to the Swamp.
 17691 | Lair:2   | Reached skill level 5 in Spellcasting
 17787 | Lair:2   | Reached skill level 10 in Dodging
 17922 | Lair:2   | Reached ****** piety under Uskayaw
 18472 | Lair:3   | Noticed Nessos
 19702 | D:12     | Found a frozen archway.
 19711 | IceCv    | Entered an ice cave
 20074 | IceCv    | Found the +2 pair of slick slippers {slick, slippery, EV+4}
 20833 | IceCv    | Noticed an ice dragon
 20876 | IceCv    | Killed an ice dragon
 20877 | IceCv    | Reached skill level 17 in Shapeshifting
 21096 | IceCv    | Identified the ring of Diyhos {rN+ Str+3}
 21272 | D:12     | Reached XP level 14. HP: 100/111 MP: 21/21
 21999 | D:13     | Identified the +5 spear of Blood-Lust {heavy, rElec rC+
                  | Int-5}
 22179 | D:13     | Reached skill level 5 in Evocations
 22564 | D:14     | Learned a level 2 spell: Lesser Beckoning
 23171 | D:14     | Found a gate to the Vaults.
 23243 | D:14     | Learned a level 3 spell: Frozen Ramparts
 23477 | D:14     | Found an ornate altar of the Wu Jian Council.
 23784 | D:14     | Reached skill level 1 in Ice Magic
 23882 | D:15     | Entered Level 15 of the Dungeon
 24338 | D:15     | Noticed a red very ugly thing
 24350 | D:15     | Killed a red very ugly thing
 24606 | D:15     | Reached skill level 18 in Shapeshifting
 24708 | D:15     | Found a staircase to the Depths.
 26121 | D:15     | Found a shimmering altar of Xom.
 26357 | Orc:1    | Entered Level 1 of the Orcish Mines
 26362 | Orc:1    | Paralysed by an orc sorcerer for 2 turns
 26685 | D:10     | Reached XP level 15. HP: 118/118 MP: 22/22
 27278 | Orc:2    | Entered Level 2 of the Orcish Mines
 28446 | Orc:2    | Found a staircase to the Elven Halls.
 28493 | Orc:2    | Paralysed by an orc sorcerer for 3 turns
 29012 | Orc:2    | Found Higozof's Jewellery Shoppe.
 29127 | Orc:2    | Found Rocubbu's Distillery.
 30005 | Orc:2    | Reached skill level 5 in Translocations
 30121 | Orc:2    | Noticed an orc warlord
 30139 | Orc:2    | Killed an orc warlord
 30212 | Orc:2    | Reached skill level 19 in Shapeshifting
 30219 | Orc:2    | Found Unussi's Weapon Shoppe.
 30476 | Orc:2    | Found Boaguf's General Store.
 30666 | Orc:2    | Bought a dragon-blood talisman for 900 gold pieces
 30805 | Orc:2    | Bought the ring of Quemitt {+Blink rC+ rN+ Will+ rCorr
                  | Dex-4} for 711 gold pieces
 31069 | Lair:3   | Killed Nessos
 31472 | Lair:3   | Found a runed translucent gate.
 31472 | Lair:3   | Found a runed translucent gate.
 31472 | Lair:3   | Found a runed translucent gate.
 31473 | Lair:3   | Noticed zenocrate's ghost (journeyman DjIE)
 31561 | Lair:3   | Noticed Amaemon
 31575 | Lair:3   | Killed Amaemon
 31732 | Lair:3   | Found a staircase to the Snake Pit.
 31901 | Lair:3   | Found a viscous altar of Jiyva.
 32418 | Lair:4   | Reached skill level 5 in Ice Magic
 32653 | Lair:4   | Reached XP level 16. HP: 126/126 MP: 20/24
 33757 | Lair:5   | Entered Level 5 of the Lair of Beasts
 33938 | Lair:5   | Found a runed translucent door.
 33938 | Lair:5   | Found a viscous altar of Jiyva.
 34055 | Lair:5   | Learned a level 2 spell: Momentum Strike
 34071 | Lair:5   | Noticed an acid blob
 34072 | Lair:5   | Found a staircase to the Slime Pits.
 34285 | Lair:5   | Found a runed translucent door.
 34326 | Lair:5   | Reached skill level 1 in Conjurations
 35073 | Lair:5   | Noticed Snorg
 35087 | Lair:5   | Killed Snorg
 35881 | Snake:1  | Entered Level 1 of the Snake Pit
 36242 | Snake:1  | Identified the +0 leather armour of the Thunderstorm
                  | {Stlth+}
 36344 | Snake:1  | Reached skill level 20 in Shapeshifting
 37320 | Snake:2  | Found an ornate altar of the Wu Jian Council.
 37320 | Snake:2  | Found a runed translucent door.
 37495 | Snake:2  | Found a one-way gate to the infinite horrors of the Abyss.
 37923 | Snake:2  | Reached XP level 17. HP: 133/133 MP: 23/26
 38316 | Snake:2  | Noticed Vashnia
 38875 | Snake:1  | Killed Vashnia
 39231 | Snake:2  | Noticed gdog's ghost (adept GnDe)
 39246 | Snake:2  | Learned a level 2 spell: Wereblood
 39569 | Snake:2  | Reached skill level 1 in Transmutations
 40372 | Snake:2  | Found a corrupted altar of Lugonu.
 40420 | Snake:2  | Found Nahyrphie's Book Shop.
 40421 | Snake:2  | Found Qulatz's Jewellery Emporium.
 40421 | Snake:2  | Found Widinuiw's Jewellery Emporium.
 41480 | Snake:3  | Identified the +12 demon whip "Coekhed" {freeze, rElec
                  | rPois rC- Int+3}
 41802 | Snake:3  | Identified the +0 morningstar of Mapoenlu {protect, +Blink
                  | Int+4}
 41944 | Snake:4  | Entered Level 4 of the Snake Pit
 42436 | Snake:4  | Reached XP level 18. HP: 142/142 MP: 20/28
 42640 | Snake:4  | Reached skill level 21 in Shapeshifting
 43262 | Snake:4  | Reached skill level 5 in Transmutations
 43680 | Snake:4  | Got a serpentine rune of Zot
 43800 | Snake:2  | Bought a storm talisman for 1040 gold pieces
 44028 | Crypt:3  | Identified the "Foaloun"
 44028 | Depths:2 | Identified the of Kiteczef
 44028 | Depths:3 | Identified the "Yzah"
 44028 | Elf:1    | Entered Level 1 of the Elven Halls
 44448 | Elf:1    | Found Cehash's Distillery.
 44572 | Elf:1    | Bought a potion of heal wounds for 50 gold pieces
 44572 | Elf:1    | Bought a potion of heal wounds for 50 gold pieces
 44591 | Elf:1    | Reached skill level 15 in Dodging
 44732 | Elf:1    | Paralysed by an air elemental for 1 turns
 44736 | Elf:1    | Paralysed by an air elemental for 1 turns
 46046 | Elf:2    | Identified the "Ujowonui"
 46147 | Elf:2    | Found a runed translucent gate.
 46147 | Elf:2    | Found a runed translucent gate.
 46150 | Elf:2    | Found a runed translucent gate.
 46223 | Elf:2    | Reached XP level 19. HP: 123/149 MP: 28/30
 46526 | Elf:2    | Paralysed by an air elemental for 1 turns
 47017 | Elf:2    | Reached skill level 22 in Shapeshifting
 47054 | Elf:2    | Found an ancient bone altar of Kikubaaqudgha.
 47126 | Elf:2    | Reached skill level 10 in Invocations
 47608 | Elf:2    | Noticed Zenata
 47619 | Elf:2    | Killed Zenata
 48030 | Elf:2    | Noticed Louise
 48037 | Elf:2    | Killed Louise
 48812 | Elf:3    | Entered Level 3 of the Elven Halls
 48812 | Elf:3    | Found Aqaito's Weapon Shop.
 48891 | Elf:3    | Found Orout's Book Boutique.
 48897 | Elf:3    | Found the necklace of Bloodlust {Fury *Rage Will++ Int-3
                  | Slay+6}
 49261 | Elf:3    | Found Biumyvor's Distillery.
 49842 | Elf:3    | Noticed a Tzitzimitl
 50522 | Elf:3    | Reached XP level 20. HP: 84/159 MP: 27/32
 51049 | Elf:3    | Reached skill level 10 in Ice Magic
 51726 | Elf:3    | Identified the staff "Doph" {+Blink rC+ rCorr Str-4 Tmut
                  | Ice}
 51767 | Elf:3    | Identified the +6 arbalest of Annoyance {antimagic, rPois
                  | Will++}
 51825 | Elf:3    | Identified the ring "Tidyq" {rF+ AC+4 Int+2 SInv Stlth+}
 51935 | Elf:3    | Identified the +0 leather armour of the Moon Troll {Will+
                  | SInv}
 52359 | Swamp:1  | Entered Level 1 of the Swamp
 52471 | Swamp:1  | Reached skill level 15 in Unarmed Combat
 52515 | Swamp:1  | Reached skill level 23 in Shapeshifting
 52518 | Swamp:1  | Reached skill level 1 in Polearms
 53441 | Swamp:2  | Found a transporter.
 53722 | Swamp:2  | Found a blossoming altar of Fedhas.
 53788 | Swamp:2  | Paralysed by a fenstrider witch for 4 turns
 54131 | Swamp:2  | Found a transporter.
 54809 | Swamp:4  | Entered Level 4 of the Swamp
 55203 | Swamp:4  | Got a decaying rune of Zot
 55461 | Vaults:1 | Entered Level 1 of the Vaults
 55659 | Vaults:1 | Reached skill level 15 in Fighting
 55659 | Vaults:1 | Reached XP level 21. HP: 157/168 MP: 29/33
 55833 | Vaults:1 | Identified the +1 scimitar of the Spectre {flame, rN++
                  | Will+ Str+2}
 55948 | Vaults:1 | Reached skill level 24 in Shapeshifting
 56146 | Vaults:1 | Found a transporter.
 56149 | Vaults:1 | Found a bloodstained altar of Trog.
 56157 | Vaults:1 | Found a transporter.
 56158 | Vaults:1 | Noticed Yhagabbo's ghost (adept DrCj)
 56937 | Vaults:2 | Found a staircase to the Crypt.
 56963 | Vaults:2 | You are sucked into a shaft and drop 1 floor!
 57774 | Vaults:2 | Identified the ring of Gluttony {rN+ AC+4 Int+4}
 57992 | Vaults:3 | Found Vostriosi's Assorted Antiques.
 58088 | Vaults:3 | Reached skill level 10 in Evocations
 58817 | Vaults:4 | Reached skill level 25 in Shapeshifting
 58987 | Vaults:4 | Identified the +11 rapier of Doors {antimagic, Fragile
                  | rPois rCorr Int+3}
 59333 | Vaults:4 | Reached XP level 22. HP: 165/175 MP: 35/35
 60448 | D:2      | Killed Terence
 60672 | Lair:3   | Killed zenocrate's ghost
 60907 | Snake:2  | Killed gdog's ghost
 61052 | Swamp:2  | Reached skill level 10 in Spellcasting
 61058 | Swamp:2  | Identified the ring "Iprust" {rC+ Dex+3}
 61350 | Vaults:1 | Killed Yhagabbo's ghost
 61355 | Vaults:1 | Reached skill level 26 in Shapeshifting
 61575 | Crypt:1  | Entered Level 1 of the Crypt
 61671 | Crypt:1  | Learned a level 4 spell: Passage of Golubria
 62461 | Crypt:2  | Identified the ring of Matoaw {Ice Str+3}
 62461 | Crypt:2  | Noticed Josephina
 62738 | Crypt:2  | Killed Josephina
 63056 | Crypt:2  | Reached skill level 27 in Shapeshifting
 63442 | Crypt:2  | Reached skill level 5 in Polearms
 63513 | Crypt:2  | Reached XP level 23. HP: 181/181 MP: 37/37
 63728 | Crypt:2  | Found a runed translucent gate.
 63728 | Crypt:2  | Found a runed translucent gate.
 63728 | Crypt:2  | Found a runed translucent gate.
 63728 | Crypt:2  | Noticed a dread lich
 63729 | Crypt:2  | Found an ancient bone altar of Kikubaaqudgha.
 63729 | Crypt:2  | Noticed Foapeaxo's ghost (veteran HOMo)
 63729 | Crypt:2  | Noticed a dread lich
 63864 | Crypt:3  | Entered Level 3 of the Crypt
 63924 | Crypt:3  | Found a magical portal.
 63933 | WizLab   | Entered Eringya's Formal Garden
 64675 | WizLab   | Found a blossoming altar of Fedhas.
 64940 | Crypt:3  | Learned a level 3 spell: Stone Arrow
 64966 | Crypt:3  | Found a staircase to the Tomb.
 65723 | Crypt:3  | Found a basalt altar of Yredelemnul.
 66535 | Crypt:3  | Noticed a royal mummy
 66611 | Crypt:3  | Killed a royal mummy
 66773 | Slime:5  | Identified the "Ymots"
 66773 | Tomb:1   | Entered Level 1 of the Tomb of the Ancients
 66990 | Depths:1 | Entered Level 1 of the Depths
 67023 | Depths:1 | Found Ucout's Distillery.
 67213 | Depths:1 | Bought 2 potions of heal wounds for 150 gold pieces
 67213 | Depths:1 | Bought a potion of heal wounds for 75 gold pieces
 67213 | Depths:1 | Bought a potion of heal wounds for 75 gold pieces
 67213 | Depths:1 | Bought a potion of might for 60 gold pieces
 67266 | Depths:1 | Found a gateway to Hell.
 67323 | Depths:1 | Reached skill level 1 in Earth Magic
 67864 | Depths:2 | Found a one-way gateway to a ziggurat.
 67864 | Depths:2 | Noticed an ancient lich
 67913 | Depths:2 | Noticed a caustic shrike
 67929 | Depths:2 | Killed a caustic shrike
 68314 | Depths:2 | Reached XP level 24. HP: 193/193 MP: 36/37
 68320 | Depths:2 | Noticed Norris
 68331 | Depths:2 | Killed Norris
 68374 | Depths:2 | Found a one-way gate leading to the halls of Pandemonium.
 68718 | Depths:2 | Found an opulent altar of Gozag.
 69169 | Depths:3 | Reached skill level 5 in Earth Magic
 69381 | Depths:3 | Reached skill level 10 in Polearms
 69491 | Depths:3 | Reached skill level 10 in Transmutations
 70540 | Depths:3 | Reached XP level 25. HP: 67/202 MP: 37/37
 71300 | Depths:4 | Entered Level 4 of the Depths
 71560 | Depths:4 | Found a blossoming altar of Fedhas.
 71904 | Depths:4 | Identified the +2 robe of Gemup {Fly Int+3}
 71971 | Depths:4 | Found a runed translucent door.
 71971 | Depths:4 | Found a runed translucent door.
 72004 | Depths:4 | Found a runed translucent door.
 72008 | Depths:4 | Found a gate to the Realm of Zot.
 72161 | Depths:4 | Found a runed translucent door.
 72161 | Depths:4 | Found a runed translucent door.
 72262 | Depths:4 | Found a runed translucent door.
 72783 | Hell     | Entered the Vestibule of Hell
 72783 | Hell     | Noticed Geryon
 72889 | Hell     | Killed Geryon
 73221 | D:10     | You paid a toll of the horn of Geryon to enter a treasure
                  | trove
 73222 | Trove    | Entered a treasure trove
 73236 | Trove    | Identified the +0 scale mail of the Will of the Gods {+Inv
                  | rN+ Dex+2}
 73243 | Trove    | Identified the amulet of Unueb Oces {Spirit Str+3}
 73245 | Trove    | Identified the +3 morningstar of War {distort, *Rage Str+7
                  | Stlth+}
 73867 | Depths:2 | Killed an ancient lich
 73868 | Depths:2 | Reached skill level 1 in Shields
 74211 | Crypt:2  | Killed a dread lich
 74216 | Crypt:2  | Killed a dread lich
 74217 | Crypt:2  | Killed Foapeaxo's ghost
 74229 | Crypt:2  | Identified the +0 pair of boots of Yredelemnul's Wrath
                  | {rElec Str+2 Int-5}
 74232 | Crypt:2  | Identified the ring of Qianips {Fly rC+ rCorr Str+3}
 74406 | Vaults:5 | Entered Level 5 of the Vaults
 74758 | Vaults:5 | Reached XP level 26. HP: 182/213 MP: 35/37
 74759 | Vaults:5 | Noticed a dread lich
 74845 | Vaults:4 | Killed a dread lich
 75131 | Vaults:5 | Reached skill level 5 in Shields
 75131 | Vaults:5 | Reached skill level 10 in Translocations
 75430 | Vaults:5 | Learned a level 2 spell: Passwall
 75589 | Vaults:5 | Identified the +8 trident of the Lesser Evil {chaos, rN+}
 75602 | Vaults:5 | Got a silver rune of Zot
 75649 | Vaults:5 | Noticed an ancient lich
 75659 | Vaults:5 | Killed an ancient lich
 75730 | Vaults:5 | Noticed a dread lich
 75734 | Vaults:5 | Killed a dread lich
 75925 | Vaults:5 | Identified the +6 quarterstaff "Killer Klown's Bane"
                  | {venom, Int+4 Dex+5 Stlth-}
 75954 | Vaults:5 | Noticed an ancient lich
 75962 | Vaults:5 | Killed an ancient lich
 75968 | Vaults:5 | Paralysed by a sphinx for 2 turns
 76221 | Vaults:5 | Gained mutation: Your body sometimes deteriorates upon
                  | taking damage. [a neqoxec]
 76557 | Vaults:5 | Noticed an ancient lich
 77086 | Vaults:5 | Killed an ancient lich
 77853 | Tomb:1   | Reached skill level 10 in Armour
 77853 | Tomb:1   | Reached skill level 10 in Shields
 77878 | Tomb:1   | Reached XP level 27. HP: 205/222 MP: 37/38
 78155 | Tomb:1   | Noticed a royal mummy
 78158 | Tomb:1   | Noticed a royal mummy
 78162 | Tomb:1   | Noticed a royal mummy
 78256 | Tomb:1   | Killed a royal mummy
 78260 | Tomb:1   | Killed a royal mummy
 78630 | Tomb:1   | Killed a royal mummy
 79925 | Slime:1  | Entered Level 1 of the Pits of Slime
 80342 | Slime:2  | Found a viscous altar of Jiyva.
 82256 | Slime:5  | Entered Level 5 of the Pits of Slime
 82278 | Slime:5  | Gained mutation: You are frail. (-10% HP) [a shining eye]
 82279 | Slime:5  | Gained mutation: You are vulnerable to heat. (rF-) [a
                  | shining eye]
 82336 | Slime:5  | Gained mutation: Armour fits poorly on your strangely
                  | shaped body. [a shining eye]
 82339 | Slime:5  | Gained mutation: You occasionally lose the ability to drink
                  | potions when taking damage. [a shining eye]
 82352 | Slime:5  | Noticed the Royal Jelly
 82369 | Slime:5  | Killed the Royal Jelly
 82371 | Slime:5  | HP: 7/203 [acid (5)]
 82947 | Slime:5  | Identified the staff "Dyeby" {rN+ Dex+2 Necro}
 82964 | Slime:5  | Reached skill level 10 in Earth Magic
 82995 | Slime:5  | Got a slimy rune of Zot
 83090 | Slime:5  | Identified the +1 pair of gloves "Hiuhips" {-Cast Will+
                  | Regen+ rCorr Dex+3}
 83134 | Slime:5  | Identified the ring of the Painted God {rF+ rC+ rCorr}
 83149 | Slime:5  | Identified the +6 scale mail of Awe {rCorr}
 83165 | Slime:5  | Identified the ring "Pamepuok" {rF+ rC++ rN+}
 83331 | Slime:5  | Lost mutation: Armour fits poorly on your strangely shaped
                  | body. [potion of mutation]
 83331 | Slime:5  | Lost mutation: You passively dampen the noise of your
                  | surroundings. [potion of mutation]
 83331 | Slime:5  | Lost mutation: You are frail. (-10% HP) [potion of
                  | mutation]
 83331 | Slime:5  | Gained mutation: You have hidden genetic defects. [potion
                  | of mutation]
 83331 | Slime:5  | Gained mutation: You are strong-willed. (Will+) [potion of
                  | mutation]
 83332 | Slime:5  | Lost mutation: You are vulnerable to heat. (rF-) [potion of
                  | mutation]
 83332 | Slime:5  | Lost mutation: Your spells are a little harder to cast, but
                  | a little more powerful. [potion of mutation]
 83332 | Slime:5  | Lost mutation: You occasionally lose the ability to drink
                  | potions when taking damage. [potion of mutation]
 83332 | Slime:5  | Gained mutation: Your spells are a little harder to cast,
                  | but a little more powerful. [potion of mutation]
 83332 | Slime:5  | Gained mutation: You have terrible hidden genetic defects.
                  | [potion of mutation]
 83332 | Slime:5  | Gained mutation: You are occasionally teleported next to
                  | monsters. [potion of mutation]
 83333 | Slime:5  | Lost mutation: You have terrible hidden genetic defects.
                  | [potion of mutation]
 83333 | Slime:5  | Lost mutation: You have hidden genetic defects. [potion of
                  | mutation]
 83333 | Slime:5  | Lost mutation: You are occasionally teleported next to
                  | monsters. [potion of mutation]
 83333 | Slime:5  | Gained mutation: Your magical capacity is low. (-10% MP)
                  | [potion of mutation]
 83333 | Slime:5  | Gained mutation: You are partially covered in iridescent
                  | scales. (AC +2) [potion of mutation]
 83807 | Zot:1    | Entered Level 1 of the Realm of Zot
 85581 | Zot:2    | Noticed Vv
 85591 | Zot:2    | Killed Vv
 85679 | Zot:2    | Identified the +3 shortbow "Grim" {flame, Int+4}
 85952 | Zot:3    | Learned a level 4 spell: Manifold Assault
 87472 | Zot:5    | Entered Level 5 of the Realm of Zot
 87472 | Zot:5    | Noticed an orb of fire
 87478 | Zot:5    | Gained mutation: You occasionally lose the ability to read
                  | scrolls when taking damage. [an orb of fire]
 87482 | Zot:5    | Killed an orb of fire
 87689 | Zot:5    | Noticed an orb of fire
 87746 | Zot:4    | Gained mutation: You are clumsy. (Dex -2) [an orb of fire]
 87750 | Zot:4    | Killed an orb of fire
 87806 | Zot:5    | Noticed an orb of fire
 87807 | Zot:5    | Noticed an orb of fire
 88144 | Zot:5    | Gained mutation: Armour fits poorly on your strangely
                  | shaped body. [an orb of fire]
 88150 | Zot:4    | Killed an orb of fire
 88178 | Zot:5    | Killed an orb of fire
 88382 | Zot:5    | Noticed a dread lich
 88387 | Zot:5    | Killed a dread lich
 88391 | Zot:5    | Identified the +7 dagger of Pucurast {heavy, Will+}
 88426 | Zot:5    | Noticed an ancient lich
 88431 | Zot:5    | Killed an ancient lich
 88437 | Zot:5    | Noticed a dread lich
 88441 | Zot:5    | Killed a dread lich
 88568 | Zot:5    | Noticed an ancient lich
 88568 | Zot:5    | Noticed an ancient lich
 88575 | Zot:5    | Killed an ancient lich
 88593 | Zot:5    | Killed an ancient lich
 88597 | Zot:5    | Noticed an ancient lich
 88708 | Zot:5    | Killed an ancient lich
 88794 | Zot:5    | Noticed a dread lich
 88800 | Zot:5    | Killed a dread lich
 89479 | Zot:5    | Noticed a dread lich
 89485 | Zot:5    | Noticed an orb of fire
 89487 | Zot:5    | Killed a dread lich
 89488 | Zot:5    | Noticed an ancient lich
 89507 | Zot:5    | Killed an orb of fire
 89509 | Zot:5    | Killed an ancient lich
 89833 | Zot:5    | Got the Orb of Zot
 90243 | D:13     | Noticed Tuecsum the pandemonium lord
 90593 | D:$      | Escaped with the Orb!

Illustrated notes

Levels and vault maps discovered:
D:1:      dpeg_arrival_simpleton_a, layout_basic,
          dilly_ecumenical_altar_fadedgnrine, minmay_domino_2
D:2:      layout_loops_corners, feat_on_display, uniq_robin, uniq_terence
D:3:      minmay_angry_zag, layout_rooms, roderic_batcave, uniq_grinder
D:4:      layout_cave_pools, minmay_misc_feat_more_columns, corexii_corridor_pit
D:5:      layout_layer_cave, portal_sewer_entry_d, minivault_4
D:6:      layout_loops_ring, kennysheep_slug_shrine, lemuel_tele_altar,
          minmay_temple_entry_statues_pillars, nicolae_shop_i_like_big_books,
          chequers_serial_rivers_marsh
D:7:      layout_gridville, hangedman_feature_mirror, uniq_jeremiah
D:8:      layout_layer_cave, serial_shops, shop, kennysheep_generic_room_14,
          uniq_joseph
D:9:      layout_basic, mainiacjoe_overflow_brackets,
          gammafunk_temple_overflow_pools
D:10:     layout_roguey [special_room_orc], minmay_lair_entry_grove,
          hiddenorc1_lemuel, enter_trove_2
D:11:     layout_basic, serial_bayou, serial_bayou_ford_a, serial_bayou_shore_b,
          serial_bayou_pond_e, serial_bayou_pond_d, corexii_corridor_pit,
          uniq_psyche
D:12:     layout_cave_pods, portal_ice_cave_entry_pillars_1, fountainhead
D:13:     layout_cave_pools
D:14:     layout_roguey, david_vaults_2, grunt_decor_resistance,
          nicolae_wu_jian_immortal_techniques
D:15:     gammafunk_enter_depths_forms, layout_loops_ring,
          hangedman_decor_points, tgw_xom
Temple:   sentei_temple_godly_chess
Lair:1:   layout_small_grid, st_stairs_8, nicolae_lair_liquid_snakes, uniq_grum
Lair:2:   regret_index_bee_streams, layout_regular_city,
          palyth_hydra_swamp_entry, eino_house_with_fridge
Lair:3:   layout_gridlike, guppyfry_snake_entry_garden, gammafunk_ghost_ooze,
          beast_lair_carwin_3, uniq_amaemon, uniq_nessos
Lair:4:   layout_regular_city
Lair:5:   hangedman_lair_caniforms_friends, layout_long_grid, wormcave,
          slime_entry_2, uniq_snorg
Swamp:1:  layout_basic_swamp, hangedman_swamp_ruin_hall, swamp_pool_5,
          nicolae_swamp_decorative_isthmus, infiniplex_staircase_pool_2
Swamp:2:  gammafunk_sealed_arena, layout_basic_swamp, lemuel_altar_in_water,
          swamp_pool_4, hangedman_swamp_pad, nicolae_swamp_very_dense_foliage,
          nzn_swamp_blast_mining
Swamp:3:  layout_basic_swamp, evilmike_swamp_ruin_rubble_2
Swamp:4:  swamp_alternative, layout_basic_swamp
Snake:1:  layout_gridlike, hangedman_snake_corridor_split
Snake:2:  layout_onion, basic_altar, ebering_ghost_inner_flame, st_stairs_6,
          amcnicky_altar_lugonu_corruption, lemuel_fruit_tree,
          minmay_shop_grove, uniq_vashnia
Snake:3:  layout_misc_corridors, nicolae_snake_round_shape_thing,
          grunt_megastairs_1
Snake:4:  johnstein_snake_rune_scales, layout_basic, serial_bayou_pond_d
Slime:1:  layout_caves, nicolae_slime_phagocytosis
Slime:2:  layout_caves, basic_altar
Slime:3:  layout_caves, cheibrodos_slime_lost_civilization_5
Slime:4:  layout_caves
Slime:5:  slime_pit_nicolae_jellycorners
Orc:1:    layout_caves, special_room [special_room_orc]
Orc:2:    pubby_orc_utopia
Elf:1:    elf_arrival_001, layout_loops_ring, serial_shops,
          nicolae_shop_window_shopping, hangedman_elven_crosses_minicolossus
Elf:2:    elven_hall_of_blades_hangedman_original
          [nicolae_blade_entry_antechamber], layout_geoelf_octagon, basic_altar,
          evilmike_minifort, uniq_louise, uniq_zenata
Elf:3:    minmay_elf_hall_hex, layout_gridlike, serial_shops,
          nicolae_shop_temple_entry_statues_fountains, shop, shop
Vaults:1: gammafunk_ghost_wrathful_warriors, vaults_mumra_hex,
          nicolae_vaults_apartment_2, v_misc_30, hangedman_vaults_cutoff,
          ontoclasm_vaults_eye, vaults_dpeg_cross, layout_vaults_omnigrid
Vaults:2: nicolae_vaults_little_squares_6, hangedman_vaults_nodes,
          hangedman_vaults_unwind, nicolae_vaults_trapezoid_layered, v_misc_25,
          nicolae_vaults_storage_closets_2, vaults_room_corners,
          ontoclasm_vaults_tryst, ontoclasm_vaults_decontamination,
          nicolae_vaults_storage_closets_3, v_misc_24,
          minmay_crypt_entry_simple_corners, nicolae_vaults_surprise_closet,
          layout_vaults_big_room
Vaults:3: vaults_dpeg_spiral, v_misc_26, hangedman_vaults_stitches,
          hangedman_vaults_stagger, vaults_room_door_ring,
          nicolae_vaults_offset_grid_hallway_3, nicolae_vaults_wrenched,
          nicolae_vaults_double_plus_3, grunt_vaults_diagonal,
          nicolae_vaults_mini_display_case, nicolae_vaults_three_branches,
          nicolae_vaults_ring_of_whatevers, nicolae_vaults_gold_heap,
          layout_vaults_maze_bifur, serial_shops, shop
Vaults:4: v_alt_pattern_6, nicolae_vaults_diagonal_hallway_8, kb_rosetta,
          nicolae_vaults_more_shelving_1, nicolae_vaults_network_s,
          nicolae_vaults_lightning_bolt, nicolae_vaults_closet_pinwheel_3,
          nicolae_vaults_offset_grid_hallway_1, v_misc_1, hangedman_vaults_hat,
          nicolae_vaults_little_squares_3, vaults_room_hallway,
          nicolae_vaults_little_squares_6, layout_vaults_omnibox
Vaults:5
Crypt:1:  layout_rooms, grunt_crypt_arrival_guarded_gate, grunt_megastairs_5
Crypt:2:  layout_basic, gammafunk_ghost_crypt, uniq_josephina
Crypt:3:  church_of_pain_bobbens, layout_chaotic_city,
          tomb_entry_simple_bobbens, mu_enter_wizlab_4
Tomb:1
Depths:1: layout_basic, serial_shops, nicolae_shop_industrial_runoff,
          hangedman_tar_grid_catacomb, minmay_protected_statue,
          grunt_megastairs_3
Depths:2: minmay_stepped, layout_cave_pools, enter_ziggurat_d,
          rand_demon_pan_entry_8, hell_entry, abyss_entry,
          kennysheep_cross_room, grunt_gozag_statues, serial_bayou_shore_b,
          uniq_norris
Depths:3: hangedman_grunt_twisty_little_passages, layout_basic,
          hangedman_coc_ice_floe, abyss_entry_glasseish, pan_entry
Depths:4: evilmike_zot_entry_castle, layout_gridlike, hell_entry,
          fedhas_altar_1, serial_bayou_shore_b, serial_bayou_shore_b
Hell
Zot:1:    layout_misc_corridors
Zot:2:    layout_basic, regret_index_zotdec_serpentine_scales, uniq_vv
Zot:3:    layout_cellular_growth
Zot:4:    layout_gridlike, regret_index_zotdec_misc_clamp, grunt_megastairs_4
Zot:5:    layout_cathedral_of_symmetry, drop_trap

Skill      XL: |  1  2  3  4  5  6  7  8  9 10 11 12 13 14 15 16 17 18 19 20 21 22 23 24 25 26 27 |
---------------+----------------------------------------------------------------------------------+-----
Dodging        | 3 4 5 6 8 10 11 12 13 14 15 16 17 18 19 20 | 20.0
Fighting       | 2 3 4 7 8 9 10 11 12 13 14 15 16 17 18 19 24 | 24.1
Shapeshifting  | 5 6 7 8 9 14 15 17 18 19 20 21 22 23 25 27 | 27.0
Stealth        | 1 3 |  3.0
Armour         | 1 2 3 4 5 6 7 8 10 | 10.0
Unarmed Combat | 4 5 7 8 9 10 11 12 13 14 15 16 18 19 20 21 22 26 | 26.2
Evocations     | 1 3 4 5 6 8 10 | 10.0
Invocations    | 3 4 5 6 7 8 9 10 | 10.0
Spellcasting   | 2 3 4 5 6 7 8 9 10 11 12 | 12.0
Translocations | 2 3 4 5 6 7 8 9 10 12 | 12.0
Ice Magic      | 3 5 6 7 8 9 10 | 10.0
Conjurations   | 2 3 |  3.0
Transmutations | 4 5 7 8 10 11 12 | 12.0
Polearms       | 2 5 8 10 | 10.0
Earth Magic    | 3 7 10 | 10.0
Shields        | 4 10 12 | 12.0

Action                     |  1- 3 |  4- 6 |  7- 9 | 10-12 | 13-15 | 16-18 | 19-21 | 22-24 | 25-27 || total
---------------------------+-------+-------+-------+-------+-------+-------+-------+-------+-------++-------
  Melee: Unarmed           |    90 |   152 |   388 |   719 |  1337 |   973 |   901 |  1064 |  1357 ||  6981
         Punch             |     1 |     2 |     7 |       |    15 |    72 |    93 |   149 |   247 ||   586
         Tailslap          |       |       |     9 |       |    15 |   128 |       |       |       ||   152
         Constrict         |       |       |       |       |   203 |       |       |       |       ||   203
         Bite              |       |       |       |       |     9 |    88 |       |       |       ||    97
         Spear             |       |       |       |       |       |       |       |       |   139 ||   139
  Throw: Stone             |     8 |     1 |    12 |       |       |       |       |       |       ||    21
         Dart              |     4 |    36 |    20 |       |       |       |       |       |       ||    60
   Cast: Lesser Beckoning  |       |       |       |       |   107 |   195 |   132 |    28 |   237 ||   699
         Frozen Ramparts   |       |       |       |       |    10 |    18 |     8 |     5 |    12 ||    53
         Momentum Strike   |       |       |       |       |       |     3 |     3 |       |     2 ||     8
         Wereblood         |       |       |       |       |       |     8 |    43 |    41 |    72 ||   164
         Passage of Golubr |       |       |       |       |       |       |       |     3 |     1 ||     4
         Stone Arrow       |       |       |       |       |       |       |       |       |    34 ||    34
         Manifold Assault  |       |       |       |       |       |       |       |       |     6 ||     6
 Invoke: Stomp             |       |       |       |     2 |       |       |       |       |       ||     2
         Line Pass         |       |       |       |     1 |       |       |       |       |       ||     1
         Grand Finale      |       |       |       |       |       |     1 |       |       |       ||     1
Ability: Breathe Fire      |       |       |       |       |       |     2 |       |       |       ||     2
         Blinkbolt         |       |       |       |       |       |       |       |     1 |     1 ||     2
  Evoke: Wand              |       |     5 |    12 |    39 |     9 |     1 |     5 |     1 |     3 ||    75
         Sack of spiders   |       |       |       |       |     2 |       |       |       |       ||     2
    Use: Scroll            |       |     9 |     5 |     8 |    10 |     1 |     5 |     1 |    10 ||    49
         Potion            |       |       |     9 |     3 |     2 |       |     1 |     1 |    14 ||    30
   Stab: Sleeping          |     1 |     2 |     1 |       |     8 |     4 |    16 |    11 |     6 ||    49
         Distracted        |       |       |     1 |       |     2 |       |       |       |     2 ||     5
         Paralysed         |       |       |     8 |    42 |    71 |    64 |    97 |   146 |   205 ||   633
         Confused          |       |       |       |       |       |       |     3 |       |       ||     3
 Armour: Animal skin       |    34 |    20 |       |       |       |       |       |       |       ||    54
         Leather armour    |       |    76 |   198 |   206 |   105 |       |       |       |     6 ||   591
         Skin              |       |       |    80 |       |   461 |   526 |   264 |   209 |   326 ||  1866
         Troll leather arm |       |       |       |    99 |       |       |       |       |       ||    99
         Ring mail         |       |       |       |       |       |       |       |       |    58 ||    58
  Dodge: Dodged            |    54 |   104 |   218 |   603 |  1036 |   531 |   812 |   863 |  1321 ||  5542
  Block: Other             |       |       |       |       |   150 |   166 |   126 |   136 |   177 ||   755
         Reflection        |       |       |       |       |     5 |    25 |    13 |    10 |     4 ||    57
         Buckler           |       |       |       |       |       |       |       |       |    67 ||    67
   Form: Beast             |     5 |     2 |       |       |       |     1 |       |       |       ||     8
                           |     4 |     2 |       |       |     2 |     1 |     5 |     1 |     2 ||    17
         Flux              |       |       |     1 |     1 |       |       |       |       |       ||     2
         Blade             |       |       |       |     1 |     2 |     1 |       |       |       ||     4
         Anaconda          |       |       |       |       |     3 |     1 |       |       |       ||     4
         Dragon            |       |       |       |       |     1 |     2 |       |       |       ||     3
         Storm             |       |       |       |       |       |     1 |     5 |     2 |     6 ||    14
         Maw               |       |       |       |       |       |       |     1 |       |       ||     1
         Death             |       |       |       |       |       |       |       |     1 |     5 ||     6

Table legend: (Time is in decaauts)
 A = Elapsed time spent in this place.
 B = Non-inter-level travel time spent in this place.
 C = Inter-level travel time spent in this place.
 D = Time resting spent in this place.
 E = Time spent auto-exploring this place.
 F = Levels seen in this place.
 G = Mean time per level.
                   A        B        C        D        E       F      G
               +--------+--------+--------+--------+--------+-----+--------+
         Total |  88866 |  80306 |   8560 |  23291 |  33587 |  62 | 1433.3 |
       Dungeon |  21632 |  18909 |   2723 |   4579 |   9067 |  15 | 1442.1 |
        Temple |     15 |      9 |      6 |      0 |      0 |   1 |   15.0 |
          Lair |  10279 |   8834 |   1445 |   2403 |   3994 |   5 | 2055.8 |
         Swamp |   2963 |   2803 |    160 |    494 |   1580 |   4 |  740.8 |
     Snake Pit |   7952 |   7555 |    397 |   3299 |   2414 |   4 | 1988.0 |
    Slime Pits |   3390 |   3091 |    299 |    430 |   2092 |   5 |  678.0 |
  Orcish Mines |   4194 |   3819 |    375 |   1306 |    993 |   2 | 2097.0 |
   Elven Halls |   8047 |   7826 |    221 |   3849 |   1431 |   3 | 2682.3 |
        Vaults |   8264 |   7159 |   1105 |   1205 |   3969 |   5 | 1652.8 |
         Crypt |   4533 |   3886 |    647 |   1151 |   1438 |   3 | 1511.0 |
          Tomb |   2200 |   2084 |    116 |   1188 |    266 |   1 | 2200.0 |
        Depths |   6389 |   5710 |    679 |    971 |   2762 |   4 | 1597.2 |
          Hell |     17 |     17 |      0 |      0 |      0 |   1 |   17.0 |
           Zot |   5958 |   5577 |    381 |   1141 |   3114 |   5 | 1191.6 |
         Trove |     54 |     54 |      0 |      0 |      0 |   1 |   54.0 |
         Sewer |    606 |    606 |      0 |    264 |    120 |   1 |  606.0 |
      Ice Cave |   1469 |   1469 |      0 |    799 |    127 |   1 | 1469.0 |
        Wizlab |    895 |    895 |      0 |    208 |    219 |   1 |  895.0 |
               +--------+--------+--------+--------+--------+-----+--------+

Top non-repeatable levels by time:
   Elf:2: 3754 daAuts
   Orc:2: 3574 daAuts
  Lair:2: 3414 daAuts
 Snake:1: 2858 daAuts
    D:10: 2304 daAuts
   Elf:3: 2275 daAuts
Depths:3: 2237 daAuts
    D:15: 2212 daAuts
  Tomb:1: 2200 daAuts
Vaults:5: 2160 daAuts
  Lair:3: 2022 daAuts
   Elf:1: 2017 daAuts
 Snake:2: 2009 daAuts
 Crypt:3: 1988 daAuts
   Zot:4: 1953 daAuts
